Map: Eternal Empire LE

Players

FREElancer - Winner!

  • Race: Terran Terran
  • League: Gold
  • Spawn Location: 1:00

Cheater 1 (Vision)

  • Race: Zerg Zerg
  • Spawn Location: 7:00

VOD

Have the link to the VOD?

Description

Time

  • Played on: Aug. 29, 2020, 8:43 a.m.
  • Length: 19:09
Show
View Real Time Build Order
Export as new Build Order

FREElancer Terran - Winner!

Build Orders: Reaper Expand, Hellion Banshee 

Get SALT Encoding   

  12  0:00  SCV  
  13  0:12  SCV  
  14  0:17  Supply Depot  
  14  0:24  SCV  
  15  0:38  SCV  
  15  0:41  Barracks  
  16  0:48  Refinery  
  16  0:50  SCV  
  17  1:02  SCV  
  18  1:14  SCV  
  19  1:28  Orbital Command  
  19  1:30  Reaper  
  20  1:39  Command Center  
  20  1:50  Supply Depot  
  20  1:55  SCV  
  21  2:02  Marine  
  21  2:07  SCV  
  23  2:17  Factory  
  23  2:18  Refinery  
  23  2:19  SCV  
  24  2:26  Barracks Reactor  
  24  2:31  SCV  
  25  2:43  SCV  
  26  2:54  Orbital Command  
  26  2:55  SCV  
  27  3:03  Starport  
  27  3:07  SCV  
  28  3:15  Barracks Tech Lab  
  28  3:16  Hellion x2  
  28  3:19  SCV  
  33  3:22  SCV  
  33  3:23  Supply Depot  
  34  3:31  SCV  
  35  3:34  SCV  
  35  3:37  Hellion x2  
  40  3:43  SCV  
  40  3:46  SCV  
  40  3:47  Supply Depot  
  42  3:51  Banshee  
  42  3:52  Cloaking Field  
  45  3:56  SCV  
  45  3:59  SCV, Hellion x2  
  51  4:08  SCV  
  52  4:11  SCV, Armory  
  53  4:20  SCV, Supply Depot  
  53  4:23  SCV  
  55  4:28  Hellion x2  
  59  4:32  SCV  
  59  4:35  SCV  
  61  4:41  Banshee  
  61  4:44  SCV  
  65  4:51  SCV  
  66  4:53  Command Center  
  66  4:56  SCV, Refinery x2  
  66  4:57  Supply Depot  
  67  5:01  Supply Depot  
  67  5:02  Barracks Tech Lab  
  67  5:03  SCV, Hellion  
  70  5:13  SCV  
  64  5:16  SCV  
  61  5:25  SCV  
  61  5:28  SCV  
  63  5:37  SCV  
  63  5:40  SCV  
  63  5:47  Supply Depot  
  63  5:49  SCV  
  64  5:52  SCV  
  64  5:53  Stimpack  
  65  6:00  Barracks, Siege Tank  
  65  6:01  Marine  
  65  6:03  Barracks  
  71  6:04  Viking  
  71  6:08  Liberator  
  74  6:12  SCV x2  
  76  6:18  Marine  
  76  6:24  SCV x2  
  79  6:29  Engineering Bay  
  79  6:30  Engineering Bay  
  79  6:35  Orbital Command  
  79  6:36  SCV x2, Marine  
  82  6:48  SCV x2  
  82  6:52  Barracks Reactor x2  
  84  6:59  Terran Infantry Weapons Level 1, Terran Infantry Armor Level 1  
  84  7:00  SCV  
  84  7:01  Marine  
  85  7:02  Siege Tank  
  85  7:03  Medivac  
  91  7:17  SCV x2  
  91  7:19  Marine  
  94  7:29  SCV x2  
  96  7:32  Combat Shield, Marine x4  
  96  7:34  Siege Tank  
  96  7:37  Marine  
  103  7:38  Supply Depot  
  103  7:39  Supply Depot  
  103  7:40  Supply Depot  
  103  7:41  SCV  
  105  7:45  Refinery  
  105  7:47  Refinery  
  105  7:49  Marine  
  105  7:50  Marine x3  
  109  7:59  Marine  
  107  8:07  Marine  
  107  8:10  Missile Turret  
  108  8:13  Marine x3  
  108  8:14  Missile Turret  
  108  8:15  Medivac x2, Siege Tank  
  108  8:17  Marine  
  119  8:25  Marine  
  120  8:28  Supply Depot  
  120  8:29  Supply Depot  
  120  8:30  Marine  
  120  8:31  Marine  
  119  8:34  Marine  
  119  8:35  Marine  
  121  8:43  Marine, Barracks  
  121  8:45  Supply Depot x2, Barracks  
  121  8:47  Medivac x2, Siege Tank  
  129  8:48  Marine x2  
  129  8:52  Marine  
  129  8:53  Marine  
  133  8:56  Terran Infantry Weapons Level 2  
  133  8:57  Terran Infantry Armor Level 2  
  133  9:01  Marine  
  134  9:06  Marine x2  
  136  9:10  Marine  
  136  9:11  Marine  
  138  9:18  Marine  
  138  9:19  Siege Tank  
  142  9:24  Marine x2  
  142  9:28  Marine x2  
  141  9:36  Marine  
  141  9:37  Marine x2  
  134  9:42  Marine x2  
  135  9:45  Marine  
  135  9:46  Marine  
  135  9:49  Supply Depot  
  135  9:50  Supply Depot  
  135  9:51  Siege Tank  
  135  9:52  Supply Depot  
  140  9:58  SCV  
  141  10:01  Missile Turret  
  141  10:11  SCV x2  
  143  10:23  SCV x2  
  143  10:28  Marine x3  
  145  10:29  Marine x4  
  152  10:35  Supply Depot x2  
  152  10:46  Marine x4  
  152  10:47  Command Center, Marine  
  152  10:48  Medivac, Siege Tank  
  164  10:57  Barracks Reactor, Medivac, Supply Depot  
  165  11:01  Supply Depot  
  165  11:04  Barracks Reactor, Marine x4  
  168  11:11  Marine  
  169  11:18  Medivac  
  169  11:20  Siege Tank  
  169  11:21  Marine  
  174  11:26  Medivac  
  174  11:32  Marine x4  
  178  11:33  Marine x2  
  178  11:39  Marine  
  179  11:49  Marine x2  
  179  11:50  Marine x3  
  179  11:52  Siege Tank  
  162  11:58  Marine x3  
  162  11:59  Marine  
  162  12:00  Medivac x2  
  154  12:07  Marine x2  
  154  12:08  Marine  
  150  12:20  Marine x5  
  150  12:21  Marine  
  155  12:24  Siege Tank  
  155  12:25  Marine x2  
  155  12:28  Marine, Factory  
  154  12:38  Marine x6, Barracks  
  154  12:39  Terran Infantry Weapons Level 3, Barracks x2, Terran Infantry Armor Level 3  
  154  12:43  Marine x2  
  162  12:46  Marine  
  163  12:56  Marine x2  
  163  12:57  Marine x4  
  163  12:58  Hellion  
  171  12:59  Medivac x2  
  171  13:01  Marine  
  176  13:06  Marine x2  
  176  13:12  Terran Vehicle Weapons Level 1  
  178  13:19  Marine x3, Siege Tank  
  183  13:20  Marine x4  
  183  13:24  Marine x2  
  190  13:51  Siege Tank  
  171  14:12  Marine  
  171  14:15  Marine x6  
  171  14:16  Marine x2  
  168  14:17  Factory Tech Lab  
  168  14:18  Medivac  
  168  14:19  Medivac  
  172  14:30  Marine, Siege Tank  
  176  14:32  Planetary Fortress  
  176  14:33  Marine x6  
  177  14:42  Marine x2  
  168  15:01  Marauder  
  168  15:02  Siege Tank  
  168  15:03  Refinery  
  168  15:04  Refinery  
  173  15:08  Marine x6  
  173  15:09  Marine x2  
  173  15:10  Siege Tank  
  173  15:11  Medivac x2  
  188  15:21  Marine  
  188  15:26  Marine x2  
  191  15:34  Siege Tank  
  193  15:37  Marine x2  
  193  15:38  Marine  
  193  15:50  Marine x6  
  193  15:55  Marine  
  198  16:08  Reaper x2  
  199  16:15  Marine x2  
Show
View Real Time Build Order
Export as new Build Order

Cheater 1 (Vision) Zerg 

Build Orders: Hatch First, Zergling Baneling 

Get SALT Encoding   

  12  0:00  Drone  
  13  0:12  Overlord  
  13  0:17  Drone  
  14  0:30  Drone x2  
  14  0:34  Drone  
  17  0:53  Hatchery  
  17  0:55  Drone  
  17  1:11  Spawning Pool  
  17  1:13  Extractor  
  17  1:15  Drone  
  16  1:19  Drone  
  16  1:22  Extractor  
  16  1:24  Drone  
  17  1:27  Drone  
  18  1:38  Drone  
  19  1:48  Overlord  
  19  1:58  Queen  
  19  1:59  Zergling x2  
  22  2:08  Queen  
  24  2:16  Drone  
  24  2:19  Drone  
  26  2:23  Drone  
  26  2:28  Drone  
  28  2:39  Lair  
  28  2:43  Zergling x2  
  28  2:45  Zergling x2  
  28  2:50  Zergling x2  
  30  2:52  Drone  
  30  2:55  Drone  
  32  2:59  Drone  
  32  3:01  Zergling x2  
  32  3:04  Zergling x2  
  35  3:07  Zergling x2  
  36  3:13  Overlord  
  36  3:20  Baneling Nest  
  36  3:22  Drone  
  36  3:35  Drone  
  36  3:38  Drone  
  36  3:40  Drone  
  39  3:42  Spire  
  39  3:43  Drone  
  39  3:46  Drone  
  40  3:48  Drone  
  41  3:57  Spore Crawler  
  41  4:00  Spore Crawler  
  39  4:05  Queen  
  39  4:08  Drone  
  42  4:11  Drone  
  42  4:13  Drone  
  44  4:17  Overlord  
  44  4:19  Baneling  
  44  4:22  Baneling  
  44  4:25  Baneling  
  44  4:29  Baneling  
  44  4:31  Baneling  
  44  4:35  Zergling x8, Baneling x3  
  48  4:39  Overlord  
  48  4:45  Roach Warren  
  47  4:52  Overseer  
  47  4:55  Hydralisk Den  
  47  4:58  Drone  
  47  5:00  Drone  
  47  5:03  Drone  
  47  5:05  Drone  
  50  5:09  Overlord  
  50  5:11  Drone  
  50  5:13  Drone  
  49  5:16  Drone  
  49  5:18  Zergling x2  
  49  5:20  Drone  
  46  5:21  Drone  
  46  5:23  Zergling x2  
  46  5:24  Hydralisk  
  46  5:25  Roach  
  46  5:26  Roach  
  53  5:30  Roach  
  53  5:32  Roach  
  55  5:37  Hydralisk  
  55  5:42  Hydralisk  
  56  5:46  Hydralisk  
  56  5:49  Drone  
  61  5:53  Overlord  
  61  5:55  Drone  
  61  5:56  Drone  
  63  5:58  Drone  
  63  6:00  Drone  
  63  6:02  Drone  
  63  6:04  Drone  
  67  6:05  Drone  
  67  6:11  Roach, Drone  
  71  6:13  Overlord  
  71  6:15  Drone  
  71  6:16  Drone  
  73  6:19  Roach  
  75  6:31  Overlord, Roach x2, Hydralisk  
  81  6:32  Hydralisk  
  83  6:42  Zergling x2  
  83  6:43  Evolution Chamber  
  83  6:44  Drone  
  84  6:49  Ravager, Evolution Chamber  
  84  6:51  Overlord  
  84  6:53  Hatchery  
  83  7:03  Ravager, Roach  
  83  7:05  Roach  
  83  7:08  Roach  
  90  7:10  Overlord  
  90  7:11  Zerg Ground Armor Level 1  
  90  7:13  Mutalisk  
  90  7:15  Zerg Missile Weapons Level 1  
  92  7:20  Zergling x2, Baneling  
  92  7:21  Drone, Extractor  
  93  7:23  Baneling  
  93  7:27  Zergling x2, Baneling, Drone, Extractor  
  94  7:35  Zergling x6, Overlord  
  97  7:37  Baneling  
  97  7:42  Evolution Chamber, Drone  
  97  7:43  Drone x2  
  99  7:47  Metabolic Boost  
  99  7:50  Drone x3  
  102  8:05  Drone x3  
  104  8:06  Zergling x2, Drone x3  
  109  8:15  Drone, Extractor  
  109  8:18  Drone  
  108  8:25  Overlord  
  108  8:28  Drone  
  108  8:29  Baneling x3  
  108  8:30  Drone  
  108  8:31  Drone  
  108  8:33  Drone  
  112  8:35  Drone  
  112  8:36  Drone  
  112  8:38  Drone  
  112  8:39  Drone  
  112  8:40  Drone  
  117  8:42  Drone  
  117  8:43  Drone  
  117  8:45  Overlord  
  117  8:47  Drone  
  121  8:48  Drone  
  121  8:49  Drone  
  121  8:51  Drone  
  121  8:52  Drone  
  121  8:54  Zergling x2  
  121  8:55  Zergling x2  
  126  9:02  Zergling x2  
  127  9:03  Zergling x2, Mutalisk  
  127  9:04  Zergling x2  
  127  9:05  Overlord  
  127  9:06  Mutalisk  
  127  9:09  Zerg Melee Weapons Level 1  
  133  9:11  Zergling x2, Baneling x2  
  133  9:13  Mutalisk  
  133  9:15  Zergling x2, Baneling  
  133  9:16  Baneling  
  137  9:21  Zergling x4, Zerg Missile Weapons Level 2, Baneling x3  
  137  9:23  Zergling x2  
  137  9:24  Overlord  
  137  9:26  Zergling x2  
  130  9:31  Zergling x2  
  130  9:32  Zergling x2  
  130  9:33  Roach x2, Baneling x2  
  130  9:34  Roach  
  130  9:36  Roach  
  130  9:37  Roach x2  
  122  9:38  Hydralisk  
  122  9:39  Baneling  
  122  9:42  Hydralisk  
  122  9:44  Hydralisk  
  116  9:49  Hydralisk  
  118  9:53  Roach  
  118  9:56  Roach  
  118  9:59  Baneling  
  122  10:00  Hydralisk, Baneling  
  122  10:01  Zergling x4, Extractor, Baneling x5  
  122  10:04  Zergling x2  
  122  10:06  Hydralisk  
  128  10:07  Zergling x2, Baneling  
  128  10:08  Zergling x4, Baneling  
  128  10:10  Baneling  
  128  10:12  Zergling x2  
  132  10:17  Mutalisk  
  134  10:28  Centrifical Hooks  
  134  10:30  Spine Crawler  
  134  10:32  Spine Crawler  
  134  10:33  Ravager  
  134  10:34  Spine Crawler  
  134  10:35  Roach, Drone  
  135  10:37  Spine Crawler  
  135  10:40  Ravager  
  135  10:41  Overlord, Roach  
  139  10:43  Roach  
  139  10:48  Mutalisk  
  141  10:54  Mutalisk  
  143  10:59  Overlord  
  143  11:04  Zerg Melee Weapons Level 2  
  143  11:07  Spine Crawler  
  142  11:11  Spore Crawler  
  142  11:13  Hatchery, Spore Crawler  
  142  11:17  Spore Crawler  
  138  11:19  Spine Crawler  
  138  11:22  Spore Crawler  
  138  11:24  Spore Crawler  
  136  11:25  Drone  
  136  11:26  Spore Crawler  
  136  11:28  Drone  
  136  11:44  Zergling x4  
  136  11:45  Zergling x10  
  136  11:46  Zergling x4  
  135  11:47  Zergling x2  
  135  11:51  Mutalisk  
  135  11:52  Infestation Pit  
  113  11:54  Roach  
  113  11:55  Mutalisk  
  113  11:57  Roach  
  99  12:01  Zergling x2  
  99  12:02  Zergling x2, Baneling x4  
  99  12:03  Zergling x2, Baneling x2  
  99  12:04  Zergling x4, Baneling x4  
  99  12:05  Zergling x2, Baneling x2  
  101  12:08  Roach  
  101  12:10  Roach  
  101  12:12  Hydralisk  
  101  12:15  Hydralisk  
  97  12:18  Hydralisk  
  97  12:21  Drone  
  97  12:22  Hydralisk, Drone  
  97  12:23  Drone x2  
  97  12:25  Zergling x2, Drone x2  
  97  12:26  Drone x2  
  97  12:28  Overseer  
  97  12:29  Drone  
  100  12:30  Drone  
  100  12:31  Hive  
  100  12:36  Drone x2  
  103  12:40  Drone  
  103  12:41  Drone  
  105  12:45  Hydralisk  
  105  12:46  Drone  
  105  12:47  Roach, Drone  
  105  12:48  Drone  
  105  12:50  Drone  
  113  12:52  Roach  
  113  12:53  Drone x2  
  113  12:55  Drone  
  113  12:57  Drone  
  120  12:58  Drone  
  120  13:01  Roach  
  120  13:03  Roach  
  124  13:07  Hydralisk  
  124  13:10  Zergling x2  
  124  13:11  Baneling x4  
  124  13:12  Zergling x2, Baneling  
  128  13:13  Baneling  
  128  13:14  Zergling x2, Baneling x2  
  128  13:18  Zergling x2, Mutalisk, Ravager  
  128  13:19  Zergling x2, Roach  
  136  13:20  Hatchery  
  136  13:21  Drone  
  136  13:23  Mutalisk  
  136  13:25  Mutalisk  
  140  13:27  Mutalisk  
  140  13:28  Ravager  
  140  13:30  Roach  
  140  13:31  Mutalisk  
  140  13:33  Roach  
  149  13:35  Overlord  
  149  13:44  Zerg Melee Weapons Level 3  
  149  13:50  Extractor  
  149  13:51  Drone  
  149  13:52  Zerg Missile Weapons Level 3, Drone, Extractor  
  149  14:04  Zergling x2, Queen  
  149  14:05  Zergling x8  
  149  14:06  Zergling x8  
  149  14:07  Zergling x2  
  140  14:11  Roach  
  140  14:12  Roach  
  140  14:13  Roach  
  140  14:14  Roach  
  140  14:16  Hydralisk  
  122  14:19  Hydralisk, Drone  
  122  14:22  Drone x2  
  123  14:25  Drone x2  
  123  14:26  Drone x2  
  123  14:27  Drone  
  123  14:28  Drone  
  123  14:30  Drone  
  123  14:32  Drone  
  123  14:43  Drone  
  123  14:44  Zergling x2  
  109  14:46  Zergling x2  
  109  14:48  Drone  
  109  14:50  Drone  
  109  14:52  Hatchery, Roach  
  110  14:54  Drone  
  110  14:56  Roach  
  110  14:58  Roach  
  116  15:00  Roach  
  116  15:01  Zergling x2  
  116  15:02  Zergling x2  
  116  15:03  Zergling x2, Baneling x2  
  116  15:04  Zergling x2, Baneling  
  116  15:05  Baneling  
  116  15:06  Zergling x2  
  116  15:07  Zergling x2  
  122  15:08  Zergling x2  
  122  15:10  Zergling x2  
  122  15:11  Zergling x4  
  126  15:15  Mutalisk x2  
  126  15:17  Mutalisk  
  126  15:19  Mutalisk  
  134  15:22  Zergling x4, Baneling x3  
  134  15:23  Zergling x2, Baneling x2  
  134  15:24  Baneling x2  
  134  15:25  Zergling x2  
  134  15:26  Baneling  
  134  15:27  Drone, Baneling  
  134  15:28  Zergling x2  
  137  15:29  Zergling x2  
  137  15:31  Zergling x2  
  137  15:33  Baneling x2  
  137  15:34  Zergling x2, Drone, Baneling  
  139  15:38  Zergling x2  
  139  15:42  Drone  
  104  15:44  Roach  
  104  15:45  Roach x2  
  104  15:48  Roach  
  85  15:53  Hydralisk  
  77  15:58  Zergling x2  
  77  16:01  Hydralisk  
  79  16:06  Hydralisk  
  59  16:32  Zergling x2, Baneling x2  
  56  16:49  Zergling x2  
  56  16:52  Roach  
  59  16:55  Roach  
  59  16:57  Roach  
  59  17:00  Zergling x2  
  58  17:02  Roach  
  58  17:03  Hydralisk  
  58  17:07  Hydralisk  
  60  17:11  Hydralisk  
  60  17:14  Zergling x2  
  62  17:16  Hydralisk  
  62  17:19  Drone  
  62  17:21  Drone  
  67  17:22  Drone  
  67  17:25  Drone  
  67  17:27  Drone  
  67  17:28  Drone  
  70  17:30  Drone  
  70  17:32  Drone  
  70  17:34  Drone  
  70  17:36  Drone  
  73  17:38  Zergling x2  
  73  17:39  Zergling x2  
  56  17:55  Roach Warren  
  51  18:10  Roach Warren  
  41  18:24  Zergling x2  
  28  18:31  Zergling x2  
  20  18:43  Drone  
  20  18:49  Drone  
  10  19:03  Hatchery  
Tags
 
Add a new tag
Caveats
  • Supply blocks, unpowered buildings, or Contaminate may cause inaccurate times.
  • Supply counts are checked every 10 seconds.